 Dungeon Crawl Stone Soup version 0.25-a0-815-gab441bd002 (webtiles) character file.

Game seed: 5287112231479836335, levelgen mode: deterministic

27402 Maedhros the Martial Artist (level 13, -17/86 HPs)
             Began as an Octopode Artificer on Apr 20, 2020.
             Was the Champion of Cheibriados.
             Killed from afar by an ogre mage (30 damage)
             ... with a bolt of lightning
             ... while paralysed by an ogre mage
             ... on level 2 of the Orcish Mines.
             The game lasted 00:20:58 (13339 turns).

Maedhros the Martial Artist (Octopode Artificer)   Turns: 13339, Time: 00:20:58

Health: -17/86     AC:  1    Str: 30    XL:     13   Next: 32%
Magic:  10/19      EV:  2    Int: 30    God:    Cheibriados [******]
Gold:   1344       SH:  0    Dex: 31    Spells: 9/12 levels left

rFire    . . .     SeeInvis .     - Unarmed
rCold    . . .     Gourm    .   v - +0 buckler
rNeg     . . .     Faith    +   (helmet restricted)
rPois    .         Spirit   .   s - amulet of faith
rElec    .         Reflect  .   m - ring of wizardry
rCorr    .         Harm     .   w - ring of stealth (curse)
MR       .....                  c - ring of stealth
Stlth    +++++++...             K - +4 ring of strength
HPRegen  0.24/turn              (no ring)
MPRegen  0.16/turn              (no ring)
                                (no ring)
                                (no ring)

@: paralysed, very slow
A: almost no armour, stealthy swim, amphibious, 8 rings, constrict 8, camouflage
1, gelatinous body 1
a: Bend Time, Temporal Distortion, Slouch, Step From Time, Renounce Religion


You were on level 2 of the Orcish Mines.
You worshipped Cheibriados.
Cheibriados was exalted by your worship.
You were full.

You visited 3 branches of the dungeon, and saw 14 of its levels.
You also visited: Bailey.

You collected 1344 gold pieces.

Inventory:

Hand Weapons
 a - a +0 short sword
 y - the +6 mace "Malutoi" {vorpal, *Noise *Drain rPois Stlth+, unknown}
   (You found it on level 5 of the Dungeon)

   It inflicts extra damage upon your enemies.
   It protects you from poison.
   It may make noises in combat.
   It causes draining when unequipped.
   It makes you more stealthy.
Missiles
 j - 64 boomerangs (quivered)
Armour
 p - a cursed +0 kite shield
 v - a +0 buckler (worn)
Jewellery
 c - a ring of stealth (on tentacle)
 m - a ring of wizardry (left tentacle)
 s - an amulet of faith (around mantle)
 w - a cursed ring of stealth (right tentacle)
 K - a +4 ring of strength (on tentacle)
Wands
 d - a wand of random effects (11)
 n - a wand of polymorph (10)
 t - a wand of acid (7)
 x - a wand of iceblast (5)
 C - a wand of paralysis (3)
Scrolls
 e - a scroll of fear {unknown}
 g - 3 scrolls of fog {unknown}
 h - 6 scrolls of identify
 i - 8 scrolls of teleportation
 k - 4 scrolls of immolation {unknown}
 l - 8 scrolls of remove curse
 o - 3 scrolls of amnesia
 r - 2 scrolls of magic mapping {unknown}
 u - 2 scrolls of random uselessness {unknown}
 z - 2 scrolls of enchant armour {unknown}
 F - 4 scrolls of acquirement {unknown}
 L - a scroll of blinking {unknown}
Potions
 b - a potion of heal wounds {unknown}
 q - 4 potions of cancellation
 A - 2 potions of brilliance
 B - a potion of magic
 D - 2 potions of flight
 E - a potion of ambrosia {unknown}
 G - 3 potions of might
 H - 2 potions of haste {unknown}
 J - a potion of mutation {unknown}
 M - 2 potions of stabbing {unknown}
Miscellaneous
 I - a phantom mirror
Comestibles
 f - 13 rations


   Skills:
 + Level 7.1 Fighting
 - Level 1.0 Short Blades
   Level 3.8 Polearms
 + Level 11.2 Dodging
 - Level 4.5 Stealth
 + Level 10.0 Shields
 - Level 11.3 Unarmed Combat
 - Level 8.7 Invocations
 - Level 4.7 Evocations


You had 9 spell levels left.
You knew the following spells:

 Your Spells              Type           Power        Failure   Level  Hunger
a - Ozocubu's Armour      Chrm/Ice       #.......     12%         3    ####...

Your spell library contained the following spells:

 Spells                   Type           Power        Failure   Level  Hunger
 Infusion                 Chrm           #...         4%          1    ##.....
 Magic Dart               Conj           #...         4%          1    ##.....
 Blink                    Tloc           N/A          6%          2    ###....
 Call Imp                 Summ           #.......     6%          2    ###....
 Shroud of Golubria       Chrm/Tloc      #.....       6%          2    ###....
 Slow                     Hex            #.......     6%          2    ###....
 Song of Slaying          Chrm           #.......     6%          2    ###....
 Conjure Flame            Conj/Fire      #.......     12%         3    ####...
 Mephitic Cloud           Conj/Pois/Air  #.......     12%         3    ####...
 Spectral Weapon          Hex/Chrm       #.......     12%         3    ####...


Dungeon Overview and Level Annotations

Branches:
Dungeon (11/15)            Temple (1/1) D:5            Lair (0/6) D:10
    Orc (2/2) D:9             Elf (0/3) Orc:2        Bailey (visited)

Altars:
Ashenzari
Cheibriados
Dithmenos
Elyvilon
Fedhas
Gozag
Makhleb
Qazlal
Sif Muna
Trog
Uskayaw
Vehumet
Wu Jian
Xom
Zin
The Shining One

Shops:
D:4 [   D:5 [   D:9 [   Orc:2 [


Innate Abilities, Weirdness & Mutations

You cannot wear most types of armour.
You are very stealthy in the water. (Stealth+)
You are amphibious.
You can wear up to eight rings at the same time.
You can use your tentacles to constrict eight enemies at once.
Your skin changes colour to match your surroundings (Stealth+).
Your rubbery body absorbs attacks. (AC +1, EV +1)


Message History

The ogre mage points at you and mumbles some strange words.
You resist with significant effort.
You tentacle-slap the ogre mage but do no damage.
You squeeze the ogre mage.
The ogre mage is severely wounded.
The ogre mage gestures at you while chanting.
The bolt of lightning hits you!!
You closely miss the ogre mage.
The ogre mage is severely wounded.
The ogre mage points at you and mumbles some strange words.
You suddenly lose the ability to move!
The ogre mage points at you and mumbles some strange words.
The bolt of lightning hits you!!
The two-headed ogre hits you with a +0 giant club!
* * * LOW HITPOINT WARNING * * *
The two-headed ogre hits you with a cursed -2 giant spiked club!
* * * LOW HITPOINT WARNING * * *
The ogre mage gestures at you while chanting.
The bolt of lightning hits you!!
You die...

...[[[..............#............
.^...#..)[)..............>......#
#.#.....[...........#..........##
...[[)..........................#
...<.#...#.#...................##
....)[...##............#......<.#
##....................#..........
.#.............OO............#...
..#............#@....#......###..
.#......^....###.....##.##.## #.
............#####....####### #
...........###.#.)....###
............#...........##
...........#.............#
......<........###.)###...
..............###).))# #..
..............##.)))..# ..


You could see a two-headed ogre and an ogre mage.

Vanquished Creatures
  An orc warlord (Bailey)
  Snorg (D:10)
  Erolcha (D:11)
  Erica (D:9)
  2 ogre magi (Orc:2)
  6 two-headed ogres (Orc:2)
  Nergalle (D:11)
  An unseen horror (D:11)
  2 orc knights
  Pikel (D:5)
  An orc sorcerer (Orc:1)
  A manticore (D:11)
  An ugly thing (D:11)
  Maurice (D:9)
  A komodo dragon (D:11)
  7 trolls
  Grinder (D:3)
  3 hippogriffs
  10 yaks
  Grum (D:8)
  A hungry ghost (D:8)
  2 wargs (Orc:2)
  5 porcupines (D:10)
  4 sky beasts
  20 orc warriors
  3 ice beasts
  3 phantoms
  7 black bears
  A necrophage (D:9)
  23 ogres
  7 centaurs
  2 wolves (D:8)
  3 crocodiles
  Blork the orc (D:4)
  3 bullfrogs
  A gnoll sergeant (D:7)
  7 scorpions
  A wyvern skeleton (D:11)
  2 water moccasin skeletons
  7 wights
  7 killer bees
  2 crimson imps
  A bullfrog zombie (D:9)
  4 hounds
  2 centaur skeletons
  11 orc priests
  Crazy Yiuf (D:5)
  2 jellies
  4 bullfrog skeletons
  2 iguanas (D:4)
  Natasha (thrice) (D:2)
  21 orc wizards
  13 worker ants
  A hound zombie (D:11)
  A hound skeleton (D:7)
  Robin (D:2)
  7 gnolls
  9 adders
  6 shadow imps
  3 oozes
  3 worms
  2 dart slugs (D:1)
  5 leopard geckos
  68 orcs
  10 bats
  A giant cockroach (D:7)
  17 goblins
  8 hobgoblins
  2 jackals (D:5)
  18 kobolds
  6 quokkas
  4 ball pythons
  6 frilled lizards
  A quokka skeleton (D:8)
  9 rats
408 creatures vanquished.

Vanquished Creatures (collateral kills)
  An orc warrior (D:9)
  A sky beast (D:8)
  An eye of draining (D:8)
  An orc wizard (D:8)
  A worker ant (D:4)
  An adder (D:8)
  6 orcs
  A quokka (D:8)
  A rat (D:3)
14 creatures vanquished.

Vanquished Creatures (others)
  A wight (D:3)
  A hound (D:5)
  An orc wizard (D:8)
  A gnoll (D:5)
  A giant cockroach (D:5)
  2 fungi (D:10)
7 creatures vanquished.

Grand Total: 429 creatures vanquished

Notes
Turn   | Place    | Note
-------+----------+-------------------------------------------
     0 | D:1      | Maedhros the Octopode Artificer began the quest for the
                  | Orb.
     0 | D:1      | Reached XP level 1. HP: 13/13 MP: 3/3
   106 | D:1      | You fall into a shaft and drop 1 floor!
   330 | D:3      | Reached skill level 1 in Unarmed Combat
   330 | D:3      | Reached XP level 2. HP: 8/18 MP: 4/4
   882 | D:3      | Reached XP level 3. HP: 20/23 MP: 5/5
  1150 | D:4      | Noticed Blork the orc
  1160 | D:4      | Killed Blork the orc
  1160 | D:4      | Reached XP level 4. HP: 11/28 MP: 5/7
  1210 | D:4      | Reached XP level 5. HP: 5/33 MP: 8/8
  1674 | D:4      | Found Okaesel's Antique Armour Shop.
  1684 | D:4      | Reached XP level 6. HP: 10/38 MP: 9/9
  2370 | D:4      | Found a white marble altar of Elyvilon.
  2403 | D:5      | Entered Level 5 of the Dungeon
  2426 | D:5      | Found Hylezuts's Armour Emporium.
  2610 | D:5      | Noticed a black bear
  2615 | D:5      | Noticed a slave
  2616 | D:5      | Noticed a slave
  2616 | D:5      | Noticed a slave
  2616 | D:5      | Noticed a slave
  2616 | D:5      | Noticed Pikel
  2625 | D:5      | Killed a black bear
  2625 | D:5      | Reached skill level 1 in Polearms
  2628 | D:5      | Killed Pikel
  2628 | D:5      | Reached XP level 7. HP: 2/43 MP: 10/10
  3041 | D:5      | Found a staircase to the Ecumenical Temple.
  3051 | Temple   | Entered the Ecumenical Temple
  3097 | Temple   | Became a worshipper of Cheibriados the Contemplative
  3261 | D:3      | Reached skill level 1 in Shields
  3261 | D:3      | Reached XP level 8. HP: 33/48 MP: 11/11
  3306 | D:3      | HP: 2/48 [rat (2)]
  3705 | D:3      | Noticed Grinder
  3716 | D:3      | Killed Grinder
  3716 | D:3      | Reached skill level 5 in Unarmed Combat
  3746 | D:3      | Reached skill level 5 in Dodging
  3794 | D:3      | Reached * piety under Cheibriados
  4071 | D:2      | Found a radiant altar of Vehumet.
  4129 | D:2      | Found a bloodstained altar of Trog.
  4129 | D:2      | Found an ornate altar of the Wu Jian Council.
  4163 | D:2      | Noticed Natasha
  4170 | D:2      | Killed Natasha
  4318 | D:2      | Noticed Natasha
  4329 | D:2      | Killed Natasha
  4411 | D:2      | Noticed Robin
  4432 | D:2      | Killed Robin
  4432 | D:2      | Reached ** piety under Cheibriados
  4662 | D:2      | Noticed Natasha
  4673 | D:2      | Killed Natasha
  5992 | D:5      | Found a runed translucent door.
  5993 | D:5      | Noticed Crazy Yiuf
  6088 | D:5      | Killed Crazy Yiuf
  6092 | D:5      | Got an ichor-stained mace
  6207 | D:5      | Reached *** piety under Cheibriados
  6374 | D:6      | Reached XP level 9. HP: 49/53 MP: 12/12
  6427 | D:6      | Found a blossoming altar of Fedhas.
  6442 | D:6      | Found a shattered altar of Ashenzari.
  6552 | D:6      | Found an opulent altar of Gozag.
  6604 | D:6      | Reached skill level 5 in Shields
  7189 | D:7      | Reached **** piety under Cheibriados
  7778 | D:8      | Reached ***** piety under Cheibriados
  7791 | D:8      | HP: 1/53 [something/magic dart (7)]
  7870 | D:8      | Reached XP level 10. HP: 21/58 MP: 13/13
  7915 | D:8      | Noticed Grum
  8164 | D:8      | Killed Grum
  8170 | D:8      | Reached skill level 1 in Invocations
  8258 | D:8      | Found a flagged portal.
  8267 | Bailey   | Entered a bailey
  8272 | Bailey   | Noticed an orc warlord
  8325 | Bailey   | Noticed an orc knight
  8335 | Bailey   | Killed an orc knight
  8374 | Bailey   | Found a runed translucent gate.
  8374 | Bailey   | Found a runed translucent gate.
  8374 | Bailey   | Found a runed translucent gate.
  8461 | Bailey   | Reached ****** piety under Cheibriados
  8555 | Bailey   | Killed an orc warlord
  8989 | D:9      | Noticed Maurice
  8995 | D:9      | Killed Maurice
  8995 | D:9      | Reached skill level 5 in Invocations
  9035 | D:9      | Reached XP level 11. HP: 51/63 MP: 9/15
  9035 | D:9      | Reached skill level 10 in Unarmed Combat
  9104 | D:9      | Found a stormy altar of Qazlal.
  9219 | D:9      | Found Kuczuc's Antique Armour Shoppe.
  9573 | D:9      | Noticed Erica
  9579 | D:9      | Killed Erica
 10045 | D:9      | Found a staircase to the Orcish Mines.
 10134 | D:10     | Entered Level 10 of the Dungeon
 10136 | D:10     | Found a staircase to the Lair.
 10156 | D:10     | Learned a level 3 spell: Ozocubu's Armour
 10419 | D:10     | Noticed Snorg
 10429 | D:10     | Killed Snorg
 10429 | D:10     | Reached XP level 12. HP: 28/70 MP: 18/18
 11038 | D:11     | Noticed Nergalle
 11054 | D:11     | Killed Nergalle
 11749 | D:11     | Noticed Erolcha
 11759 | D:11     | Killed Erolcha
 12176 | Orc:1    | Entered Level 1 of the Orcish Mines
 12188 | Orc:1    | Reached skill level 10 in Dodging
 12262 | Orc:2    | Entered Level 2 of the Orcish Mines
 12281 | Orc:2    | Found Mauluir's Armour Emporium.
 12337 | Orc:2    | Reached skill level 5 in Fighting
 12464 | Orc:2    | Found a staircase to the Elven Halls.
 12677 | Orc:2    | Noticed a two-headed ogre
 12677 | Orc:2    | Noticed a two-headed ogre
 12678 | Orc:2    | Noticed a two-headed ogre
 13307 | Orc:2    | Noticed a two-headed ogre
 13307 | Orc:2    | Noticed a two-headed ogre
 13308 | Orc:2    | Noticed an ogre mage
 13308 | Orc:2    | Noticed an ogre mage
 13309 | Orc:2    | Noticed a two-headed ogre
 13311 | Orc:2    | Noticed an ogre mage
 13312 | Orc:2    | Killed a two-headed ogre
 13312 | Orc:2    | Reached XP level 13. HP: 83/83 MP: 8/19
 13312 | Orc:2    | Reached skill level 10 in Shields
 13337 | Orc:2    | Paralysed by an ogre mage for 2 turns
 13339 | Orc:2    | Killed from afar by an ogre mage

Levels and vault maps discovered:
D:1:      eino_arrival_cavern_b, layout_basic
D:2:      layout_rooms, nicolae_overflow_hidden_temple,
          chequers_temple_overflow_statue_of_worship, kennysheep_another_room,
          uniq_natasha, uniq_robin
D:3:      layout_loops_ring, uniq_grinder
D:4:      layout_basic, lemuel_doored_altar, serial_shops,
          nicolae_shop_statue_plus, first_ration, uniq_blork_the_orc
D:5:      layout_basic, minmay_temple_entry_overgrown, serial_shops,
          nicolae_shop_crystal, uniq_crazy_yiuf_cottage, uniq_pikel
D:6:      layout_basic, nicolae_gozag_cash_rules_everything_around_me,
          fedhas_altar_3, basic_altar, chequers_serial_rivers_large_a
D:7:      layout_gridville
D:8:      layout_cave_pools, enter_bailey_2, uniq_grum
D:9:      layout_cave_pools, david_orc_4, serial_shops,
          nicolae_shop_overgrown_old_shop, basic_altar, uniq_maurice, uniq_erica
D:10:     layout_rooms, due_lair_maze_entry_diamond, nicolae_zen_rock_garden,
          uniq_snorg
D:11:     layout_long_grid, uniq_erolcha, uniq_nergalle
Temple:   eino_temple_scatter_basement
Orc:1:    layout_diamond_mine, nicolae_orc_sculptors_studio
Orc:2:    st_orc_ogre_mass, layout_caves, serial_shops, nicolae_shop_waterfront,
          nicolae_orc_flooded_monolith, trog_book

Skill      XL: |  1  2  3  4  5  6  7  8  9 10 11 12 13 |
---------------+----------------------------------------+-----
Stealth        | 2 3 4 |  4.5
Unarmed Combat | 1 2 3 4 6 8 9 11 | 11.3
Evocations     | 4 |  4.7
Polearms       | 3 |  3.8
Dodging        | 4 5 6 7 9 10 11 | 11.2
Shields        | 1 4 6 7 9 10 | 10.0
Invocations    | 5 8 |  8.7
Fighting       | 2 6 7 |  7.1
Short Blades   | |  1.0

Action                   |  1- 3 |  4- 6 |  7- 9 | 10-12 | 13-15 || total
-------------------------+-------+-------+-------+-------+-------++-------
Melee: Short sword       |    39 |    37 |       |       |       ||    76
       Constrict         |     9 |    14 |    73 |    92 |       ||   188
       Tentacles         |     6 |    15 |    85 |   195 |     4 ||   305
       Punch             |       |     1 |    18 |    73 |     1 ||    93
       Halberd           |       |     5 |       |       |       ||     5
       Unarmed           |       |       |   289 |   454 |     7 ||   750
Invok: Slouch            |       |       |       |     9 |     1 ||    10
Evoke: Wand              |     1 |    18 |    17 |    22 |       ||    58
  Use: Potion            |     1 |     1 |     7 |     1 |       ||    10
       Scroll            |       |       |     6 |       |       ||     6
 Stab: Sleeping          |     4 |     4 |    28 |    21 |       ||    57
       Distracted        |       |       |     1 |     3 |       ||     4
       Paralysed         |       |       |       |    18 |       ||    18
  Eat: Chunk             |       |     5 |    10 |     8 |       ||    23
       Ration            |       |       |       |     3 |       ||     3
Armor: Skin              |     2 |       |    14 |     5 |       ||    21
Dodge: Dodged            |    25 |    18 |   194 |   362 |     5 ||   604
Block: Buckler           |       |       |    45 |   163 |     2 ||   210

Table legend:
 A = Non-vault XP
 B = Vault XP
 C = Vault XP percentage of total XP
 D = Non-vault monster count
 E = Vault monster count
 F = Vault count percentage of total count
                 A         B        C        D         E       F
            +---------+---------+-------+---------+---------+-------
      Total |   20135 |   19012 |  48.6 |     324 |     100 |  23.6
            +---------+---------+-------+---------+---------+-------
        D:1 |      36 |       0 |   0.0 |      22 |       0 |   0.0
        D:2 |     115 |      72 |  38.5 |      17 |      14 |  45.2
        D:3 |     377 |     281 |  42.7 |      33 |       1 |   2.9
        D:4 |     359 |      96 |  21.1 |      11 |       1 |   8.3
        D:5 |     346 |     634 |  64.7 |      13 |       2 |  13.3
        D:6 |     685 |       0 |   0.0 |      10 |       0 |   0.0
        D:7 |     872 |       0 |   0.0 |      26 |       0 |   0.0
        D:8 |    1351 |     349 |  20.5 |      35 |       3 |   7.9
        D:9 |    3219 |    2006 |  38.4 |      38 |      17 |  30.9
       D:10 |    3909 |    2472 |  38.7 |      35 |      12 |  25.5
       D:11 |    4013 |    1785 |  30.8 |      34 |       2 |   5.6
      Orc:1 |    1930 |       0 |   0.0 |      20 |       0 |   0.0
      Orc:2 |    2923 |    8672 |  74.8 |      30 |      21 |  41.2
     Bailey |       0 |    2645 | 100.0 |       0 |      27 | 100.0
            +---------+---------+-------+---------+---------+-------
